 Dungeon Crawl Stone Soup version 0.25-a0-566-g062765be81 (webtiles) character file.

Game seed: 1636864952608002112, levelgen mode: deterministic

62920 Flugslaktarn the Severer (level 14, 0/133 HPs)
             Began as a Deep Dwarf Fighter on Feb 28, 2020.
             Was a High Priest of Makhleb.
             Succumbed to a wolf spider's poison
             ... on level 1 of the Spider Nest.
             The game lasted 00:13:07 (14450 turns).

Flugslaktarn the Severer (Deep Dwarf Fighter)      Turns: 14450, Time: 00:13:07

Health: 0/133      AC: 24    Str: 27    XL:     14   Next: 66%
Magic:  0/0        EV:  8    Int: 12    God:    Makhleb [*****.]
Gold:   649        SH:  0    Dex: 12    Spells: 13/13 levels left

rFire    + . .     SeeInvis .   F - +2 executioner's axe (vorpal)
rCold    . . .     Gourm    .   (shield currently unavailable)
rNeg     + . .     Faith    .   p - +0 plate armour
rPois    +         Spirit   .   g - +2 helmet
rElec    .         Reflect  .   H - +2 cloak
rCorr    .         Harm     .   K - +0 pair of gloves
MR       ++...                  (no boots)
Stlth    ..........             G - amulet of rage
HPRegen  0.00/turn              r - ring of Ehusoot {rPois Int+5}
MPRegen  0.07/turn              f - ring of protection from fire

@: lethally poisoned (0 -> -1), non-regenerating
A: damage resistance, heal wounds, dopey 1, high mp 1, negative energy
resistance 1, sense surroundings 2, strong 1, MP-powered wands, no regeneration
a: Heal Wounds, Minor Destruction, Lesser Servant of Makhleb, Major Destruction,
Greater Servant of Makhleb, Renounce Religion, Evoke Berserk Rage


You were on level 1 of the Spider Nest.
You worshipped Makhleb.
Makhleb was extremely pleased with you.
You were not hungry.

You visited 4 branches of the dungeon, and saw 22 of its levels.

You collected 844 gold pieces.
You spent 195 gold pieces at shops.

Inventory:

Hand Weapons
 a - a +0 war axe
 F - a +2 vorpal executioner's axe (weapon)
   (You took it off Rupert on level 12 of the Dungeon)
Missiles
 i - 5 throwing nets (quivered)
Armour
 g - a +2 helmet (worn)
   (You found it on level 1 of the Dungeon)
 p - a +0 plate armour (worn)
   (You took it off an orc warrior on level 6 of the Dungeon)
 B - the +0 cloak of Marbles {Int+4}
   (You found it on level 10 of the Dungeon)

   It affects your intelligence (+4).
   If you switch to wearing this armour, your AC will decrease by 2 (24 -> 22).
 C - a +0 kite shield
 H - a +2 cloak (worn)
   (You took it off Crazy Yiuf on level 5 of the Dungeon)
 K - a +0 pair of gloves (worn)
   (You found it on level 5 of the Lair of Beasts)
Jewellery
 c - an uncursed ring of protection from cold
   (You found it on level 10 of the Dungeon)
 f - a ring of protection from fire (right hand)
   (You found it on level 13 of the Dungeon)
 m - an uncursed ring of protection from magic
   (You found it on level 10 of the Dungeon)
 r - the ring of Ehusoot (left hand) {rPois Int+5}
   (You acquired it on level 5 of the Lair of Beasts)

   [ring of poison resistance]

   It affects your intelligence (+5).
   It protects you from poison.
 G - an amulet of rage (around neck)
   (You found it on level 3 of the Lair of Beasts)
Wands
 v - a wand of digging (11)
   (You found it on level 3 of the Lair of Beasts)
 x - a wand of scattershot (7)
   (You found it on level 5 of the Lair of Beasts)
 A - a wand of enslavement (9)
   (You found it on level 10 of the Dungeon)
 I - a wand of acid (12)
   (You found it on level 5 of the Lair of Beasts)
Scrolls
 b - a scroll of summoning
 j - 6 scrolls of magic mapping
 n - a scroll of fog
 s - 2 scrolls of enchant armour
 t - 6 scrolls of teleportation
 y - 8 scrolls of remove curse
 z - a scroll of amnesia
Potions
 d - 5 potions of ambrosia
 h - 2 potions of haste
 k - a potion of cancellation
 l - 3 potions of lignification
 u - 2 potions of flight
 w - 3 potions of heal wounds
 D - 2 potions of mutation
 E - 2 potions of stabbing
 J - a potion of magic {unknown}
Comestibles
 e - 35 rations
 o - a chunk of flesh


   Skills:
 + Level 10.9 Fighting
 * Level 16.8 Axes
 + Level 12.6 Armour
 - Level 10.5 Shields
 + Level 12.2 Invocations


You had 13 spell levels left.
You didn't know any spells.
Your spell library was empty.

Dungeon Overview and Level Annotations

Branches:
Dungeon (15/15)            Temple (1/1) D:7            Lair (5/6) D:8
  Swamp (0/4) Lair:3       Spider (1/4) Lair:2        Slime (0/5) Lair:5
    Orc (0/2) D:9          Vaults (0/5) D:13         Depths (0/5) D:15

Altars:
Ashenzari
Cheibriados
Dithmenos
Elyvilon
Fedhas
Hepliaklqana
Kikubaaqudgha
Makhleb
Nemelex Xobeh
Okawaru
Qazlal
Ru
Sif Muna
Trog
Uskayaw
Vehumet
Xom
Yredelemnul
The Shining One
Jiyva

Shops:
D:6 *   D:8 !   D:14 [

Annotations:
Lair:4 3 runed translucent doors, Quyjis's ghost, journeyman DDGl


Innate Abilities, Weirdness & Mutations

You are resistant to damage.
You can heal yourself by infusing magical energy.
You resist negative energy. (rN+)
You passively map the area around you.
You do not regenerate.
You are dopey. (Int -2)
You have an increased reservoir of magic. (+10% MP)
Your muscles are strong. (Str +2)
You expend magic power (3 MP) to strengthen your wands.


Message History

The wolf spider hits you but does no damage.
The wolf spider bites you!
* * * LOW HITPOINT WARNING * * *
You are more poisoned.
The wolf spider poisons you!
You hit the wolf spider.
The wolf spider is lightly wounded.
You feel sick. The wolf spider hits you!
* * * LOW HITPOINT WARNING * * *
The wolf spider bites you but does no damage.
The wolf spider hits you but does no damage.
The wolf spider closely misses you.
You slice the wolf spider!!
The wolf spider is heavily wounded.
* * * LOW HITPOINT WARNING * * *
You feel sick. The wolf spider hits you.
The wolf spider bites you but does no damage.
You slash the wolf spider!
The wolf spider is severely wounded.
You die...

, , ^,, * * * , , * * ## * , ,
***### #.## ,* * ,* * , ..#
#..## * **, , ,,, #.##...##
*,. , , , #.#....# ,.. , * , ^
#.....# ... , , ,*, * ,
#.s..#.... * * , #.@....#,***
, ..#* * ##...#### #.###* ,
... #...$# ###...## * ....,*
####...## ##...^..## .....
##......# ##........##
.....##.......# ###..........#
......#.......###.............
..............................
....##.........#...†.........


You could see a wolf spider.

Vanquished Creatures
  Rupert (D:12)
  A rakshasa (D:15)
  A yaktaur captain (D:15)
  Harold (D:7)
  A hydra (Lair:3)
  Erica (Lair:2)
  4 two-headed ogres
  4 tengu warriors
  5 centaur warriors
  5 death yaks (D:8)
  Urug (D:12)
  Nergalle (Lair:4)
  2 fire crabs
  A skeletal warrior (D:14)
  An unseen horror (D:12)
  Pikel (D:8)
  An orc knight (D:15)
  2 deep elf magi
  3 cyclopes
  A manticore (D:12)
  15 ugly things
  2 elephants (Lair:5)
  4 black mambas
  7 spiny frogs
  A gargoyle (D:11)
  5 komodo dragons
  4 yaktaurs (D:15)
  An efreet (D:14)
  A queen bee (shapeshifter) (D:13)
  A jumping spider (Lair:2)
  4 trolls
  2 tengu conjurers
  5 polar bears
  Prince Ribbit (D:5)
  A hornet (shapeshifter) (D:13)
  5 blink frogs (Lair:5)
  4 hippogriffs
  2 bog bodies (Lair:3)
  5 tarantellas (Spider:1)
  A shadow (D:14)
  6 redbacks
  A spriggan (D:11)
  A wraith (D:15)
  3 basilisks
  Eustachio (D:5)
  A centaur simulacrum (D:14)
  37 yaks
  A wyvern (D:13)
  2 hungry ghosts
  A swamp worm (Lair:3)
  An acid dragon (D:12)
  8 water moccasins
  Duvessa (D:5)
  3 porcupines
  10 orc warriors
  3 ice beasts
  A black bear (D:7)
  3 sky beasts
  4 slaves (D:8)
  An ogre (shapeshifter) (D:13)
  6 ogres
  3 phantoms
  2 eyes of draining
  7 wolves
  16 centaurs
  6 crocodiles
  12 bullfrogs
  2 big kobolds
  A gnoll sergeant (D:9)
  4 wyvern zombies
  Dowan (D:5)
  5 scorpions
  13 wights
  An electric eel (Lair:3)
  3 howler monkeys (D:11)
  A lava snake (Lair:4)
  7 crimson imps
  3 centaur zombies
  4 bullfrog zombies
  2 bullfrog skeletons
  9 hounds
  3 jellies
  Crazy Yiuf (D:5)
  7 centaur skeletons
  9 orc priests
  2 gnoll shamans
  18 orc wizards
  5 iguanas
  10 worker ants
  A hound zombie (D:10)
  A hound skeleton (D:9)
  A worker ant zombie (D:11)
  13 gnolls
  11 adders
  A howler monkey skeleton (D:6)
  5 shadow imps
  A worm (D:5)
  2 dart slugs (D:3)
  3 leopard geckos
  70 orcs
  6 giant cockroaches
  2 gnoll zombies (D:9)
  2 hobgoblins
  9 jackals
  15 kobolds
  2 quokkas
  A ball python (D:6)
  A bat (D:3)
  3 frilled lizards
  A goblin (D:1)
  2 jackal skeletons
  3 fungi
  2 plants
519 creatures vanquished.

Vanquished Creatures (collateral kills)
  A hydra (D:14)
  A two-headed ogre (D:11)
  Sonja (D:13)
  A manticore (D:11)
  A soldier ant (D:13)
  A bullfrog (D:14)
6 creatures vanquished.

Vanquished Creatures (others)
  An orc (D:15)
1 creature vanquished.

Grand Total: 526 creatures vanquished

Notes
Turn   | Place    | Note
-------+----------+-------------------------------------------
     0 | D:1      | Flugslaktarn the Deep Dwarf Fighter began the quest for the
                  | Orb.
     0 | D:1      | Reached XP level 1. HP: 20/20 MP: 1/1
   130 | D:3      | Reached XP level 2. HP: 25/27 MP: 2/2
   259 | D:3      | Reached skill level 3 in Axes
   259 | D:3      | Reached XP level 3. HP: 32/34 MP: 3/3
   369 | D:4      | Reached XP level 4. HP: 37/42 MP: 4/4
   476 | D:4      | Found a glowing golden altar of the Shining One.
   510 | D:4      | Reached skill level 4 in Axes
   510 | D:4      | Reached XP level 5. HP: 31/49 MP: 5/5
   590 | D:4      | Found an iron altar of Okawaru.
   856 | D:4      | Found a shattered altar of Ashenzari.
  1212 | D:4      | Noticed an ogre
  1230 | D:4      | Killed an ogre
  1230 | D:4      | Reached XP level 6. HP: 40/57 MP: 5/5
  1370 | D:5      | Entered Level 5 of the Dungeon
  1398 | D:5      | Reached skill level 5 in Axes
  1523 | D:5      | Noticed Prince Ribbit
  1523 | D:5      | Noticed an ice beast
  1539 | D:5      | Killed an ice beast
  1539 | D:5      | Reached XP level 7. HP: 41/64 MP: 6/6
  1581 | D:5      | Found a blossoming altar of Fedhas.
  1601 | D:5      | Noticed Dowan
  1602 | D:5      | Noticed Duvessa
  1620 | D:5      | Killed Duvessa
  1620 | D:5      | Reached skill level 5 in Armour
  1620 | D:5      | Reached skill level 5 in Shields
  1624 | D:5      | Killed Dowan
  1624 | D:5      | Reached skill level 6 in Axes
  1702 | D:5      | Found a shattered altar of Ashenzari.
  1871 | D:5      | Found a runed translucent door.
  1872 | D:5      | Noticed Crazy Yiuf
  2001 | D:5      | Noticed Eustachio
  2042 | D:5      | Killed Eustachio
  2162 | D:5      | Killed Crazy Yiuf
  2294 | D:5      | Killed Prince Ribbit
  2294 | D:5      | Reached skill level 7 in Axes
  2294 | D:5      | Reached XP level 8. HP: 40/73 MP: 7/7
  2520 | D:6      | Reached skill level 5 in Fighting
  2732 | D:6      | Reached skill level 8 in Axes
  3005 | D:6      | Found Yfurphagu's General Store.
  3207 | D:6      | Gained mutation: You passively map the area around you.
                  | [Deep Dwarf growth]
  3207 | D:6      | Reached XP level 9. HP: 32/81 MP: 7/7
  4028 | D:7      | Noticed Harold
  4095 | D:7      | Killed Harold
  4095 | D:7      | Reached skill level 9 in Axes
  4177 | D:7      | Noticed a two-headed ogre
  4194 | D:7      | HP: 4/82 [two-headed ogre/+0 giant spiked club (7)]
  4207 | D:7      | Killed a two-headed ogre
  4207 | D:7      | Reached skill level 10 in Axes
  4350 | D:7      | Found a staircase to the Ecumenical Temple.
  4376 | Temple   | Entered the Ecumenical Temple
  4436 | Temple   | Became a worshipper of Makhleb the Destroyer
  4562 | D:8      | Reached XP level 10. HP: 75/92 MP: 5/5
  4590 | D:8      | Found Bemp's Distillery.
  4597 | D:8      | Bought a potion of haste for 150 gold pieces
  4597 | D:8      | Bought a potion of curing for 45 gold pieces
  4605 | D:8      | Gained mutation: Scrolls take you a little longer to read.
                  | [potion of mutation]
  4605 | D:8      | Gained mutation: Your spells are a little easier to cast,
                  | but a little less powerful. [potion of mutation]
  4605 | D:8      | Gained mutation: You occasionally shout uncontrollably at
                  | your foes. [potion of mutation]
  4605 | D:8      | Gained mutation: You expend magic power (3 MP) to
                  | strengthen your wands. [potion of mutation]
  4606 | D:8      | Lost mutation: Your spells are a little easier to cast, but
                  | a little less powerful. [potion of mutation]
  4606 | D:8      | Lost mutation: You occasionally shout uncontrollably at
                  | your foes. [potion of mutation]
  4606 | D:8      | Lost mutation: Scrolls take you a little longer to read.
                  | [potion of mutation]
  4606 | D:8      | Gained mutation: Your muscles are strong. (Str +2) [potion
                  | of mutation]
  4606 | D:8      | Gained mutation: You are dopey. (Int -2) [potion of
                  | mutation]
  4606 | D:8      | Gained mutation: You have an increased reservoir of magic.
                  | (+10% MP) [potion of mutation]
  4612 | D:8      | Found a staircase to the Lair.
  4612 | D:8      | Noticed a death yak
  4612 | D:8      | Noticed a death yak
  4612 | D:8      | Noticed a death yak
  4612 | D:8      | Noticed Pikel
  4613 | D:8      | Noticed a death yak
  4616 | D:8      | Noticed a death yak
  4642 | D:8      | Killed a death yak
  4642 | D:8      | Reached skill level 1 in Invocations
  4658 | D:8      | Killed a death yak
  4670 | D:8      | Killed a death yak
  4670 | D:8      | Reached skill level 11 in Axes
  4687 | D:8      | Killed a death yak
  4700 | D:8      | Killed a death yak
  4763 | D:8      | Reached * piety under Makhleb
  4792 | D:8      | Killed Pikel
  4792 | D:8      | Reached XP level 11. HP: 48/100 MP: 9/9
  5350 | D:9      | Reached skill level 5 in Invocations
  5511 | D:9      | Noticed a two-headed ogre
  5512 | D:9      | Found a staircase to the Orcish Mines.
  5525 | D:9      | Reached ** piety under Makhleb
  5526 | D:9      | Killed a two-headed ogre
  5641 | D:9      | Reached skill level 12 in Axes
  5729 | D:9      | Found a stormy altar of Qazlal.
  5792 | D:9      | Found a basalt altar of Yredelemnul.
  6096 | D:10     | Entered Level 10 of the Dungeon
  6591 | D:10     | Reached *** piety under Makhleb
  6747 | D:10     | Got a slimy cloak
  6758 | D:10     | Identified the +0 cloak of Marbles {Int+4} (You found it on
                  | level 10 of the Dungeon)
  7000 | D:10     | Noticed a green ugly thing
  7010 | D:10     | Killed a green ugly thing
  7262 | D:11     | Noticed a two-headed ogre
  7289 | D:11     | Killed a two-headed ogre
  7302 | D:11     | Noticed a two-headed ogre
  7310 | D:11     | Killed a two-headed ogre
  7496 | D:11     | Reached XP level 12. HP: 111/111 MP: 9/9
  7537 | D:11     | Reached skill level 13 in Axes
  7608 | D:11     | Reached skill level 10 in Shields
  7653 | D:11     | Reached **** piety under Makhleb
  7653 | D:11     | Reached skill level 10 in Armour
  8647 | D:12     | Noticed a two-headed ogre
  8666 | D:12     | Killed a two-headed ogre
  8800 | D:12     | Noticed Urug
  8821 | D:12     | Killed Urug
  8837 | D:12     | Noticed Rupert
  8940 | D:12     | Paralysed by Rupert for 3 turns
  8954 | D:12     | Killed Rupert
  9101 | D:13     | Reached skill level 14 in Axes
  9129 | D:13     | Noticed a tengu warrior
  9129 | D:13     | Noticed Sonja
  9141 | D:13     | Killed a tengu warrior
  9518 | D:13     | Found a gate to the Vaults.
  9661 | D:13     | Reached XP level 13. HP: 97/121 MP: 7/7
  9917 | D:13     | Killed Sonja
 10454 | D:14     | Found Daol's Armour Boutique.
 10644 | D:14     | Reached skill level 10 in Invocations
 10701 | D:14     | Reached skill level 15 in Axes
 10750 | D:14     | You fall into a shaft and drop 1 floor!
 10750 | D:15     | Entered Level 15 of the Dungeon
 10840 | D:15     | Reached skill level 10 in Fighting
 10960 | D:15     | Reached ***** piety under Makhleb
 11173 | D:15     | Found a staircase to the Depths.
 11187 | D:15     | Gained mutation: You resist negative energy. (rN+) [Deep
                  | Dwarf growth]
 11187 | D:15     | Reached XP level 14. HP: 64/132 MP: 3/3
 11502 | Lair:1   | Entered Level 1 of the Lair of Beasts
 11651 | Lair:2   | Reached skill level 16 in Axes
 11940 | Lair:2   | Found a hole to the Spider Nest.
 12015 | Lair:2   | Noticed Erica
 12023 | Lair:2   | Killed Erica
 12526 | Lair:3   | Found a staircase to the Swamp.
 13085 | Lair:4   | Found a runed translucent gate.
 13085 | Lair:4   | Found a runed translucent gate.
 13085 | Lair:4   | Found a runed translucent gate.
 13320 | Lair:4   | Noticed Nergalle
 13321 | Lair:4   | Noticed Quyjis's ghost (journeyman DDGl)
 13345 | Lair:4   | Killed Nergalle
 13684 | Lair:5   | Found a viscous altar of Jiyva.
 13684 | Lair:5   | Found a staircase to the Slime Pits.
 13784 | Lair:5   | Identified a scroll of acquirement
 13786 | Lair:5   | Identified the ring of Ehusoot {rPois Int+5} (You acquired
                  | it on level 5 of the Lair of Beasts)
 14374 | Spider:1 | Entered Level 1 of the Spider Nest
 14448 | Spider:1 | HP: 3/133 [wolf spider (10)]
 14449 | Spider:1 | HP: 1/133 [poisoned by a wolf spider]
 14450 | Spider:1 | Succumbed to a wolf spider's poison

Levels and vault maps discovered:
D:1:      wander_arrival_lonely_grave, layout_loops_ring
D:2:      layout_basic, minmay_misc_feat_five
D:3:      minmay_evil_eye, layout_basic, grunt_temple_overflow_gold_and_silver,
          first_ration, ebering_ghost_disaster_area
D:4:      layout_layer_cave, lemuel_coloured_pillars_altar, lemuel_doored_altar,
          old_standard_altar, grunt_ministairs_2
D:5:      layout_loops_corners, lemuel_crystal_altar, ashenzari_altar_1,
          uniq_prince_ribbit1, uniq_duvessa, uniq_crazy_yiuf_cottage,
          uniq_eustachio
D:6:      layout_layer_cave, serial_shops, shop, chequers_serial_rivers_micro_c,
          chequers_serial_rivers_micro_c, minivault_22
D:7:      black_bear_nest_2, layout_basic, minmay_temple_entry_mini_moons,
          uniq_harold
D:8:      layout_loops_ring, dpeg_lair_monsters, serial_shops, shop, uniq_pikel
D:9:      layout_roguey, lemuel_zombie_altar_yredelemnul, lemuel_round_altar,
          david_orc_2
D:10:     layout_stronghold
D:11:     layout_irregular_city, grunt_pizzeria, minmay_between
D:12:     layout_loops_cross, uniq_urug, uniq_rupert
D:13:     layout_layer_cave, david_vaults_2, uniq_sonja
D:14:     minmay_the_grid_3x3 [minmay_the_grid_holed_spiral,
          minmay_the_grid_outer_circle, minmay_the_grid_minigrid_medium,
          minmay_the_grid_medium_cups, minmay_the_grid_zigzag_pyramid,
          minmay_the_grid_doors, minmay_the_grid_paths,
          minmay_the_grid_pillar_ring, minmay_the_grid_prize_big_room],
          layout_loops_ring, serial_shops, shop, grunt_decor_fettered
D:15:     grunt_enter_depths_snipers, layout_cave_pools, minmay_misc_feat_room
Temple:   eino_temple_water
Lair:1:   wad_woods_structure_01, layout_layer_cave
Lair:2:   layout_misc_corridors, spider_nest_entry_funnel_web,
          beast_lair_carwin_3, uniq_erica
Lair:3:   layout_hall_layers, nicolae_swamp_entry_splash_gauntlet,
          chequers_serial_rivers_micro_d
Lair:4:   layout_gridlike, gammafunk_ghost_necromancy, uniq_nergalle
Lair:5:   layout_gridlike, slime_altar_1, beast_lair_carwin_11
Spider:1: layout_chambers

Skill      XL: |  1  2  3  4  5  6  7  8  9 10 11 12 13 14 |
---------------+-------------------------------------------+-----
Fighting       | 3 4 5 6 7 8 9 10 | 10.9
Axes           | 3 4 5 7 8 10 11 12 14 15 16 | 16.8
Armour         | 4 5 6 7 8 9 10 11 12 | 12.6
Shields        | 4 5 6 7 8 9 10 | 10.5
Invocations    | 4 7 9 11 12 | 12.2

Action                   |  1- 3 |  4- 6 |  7- 9 | 10-12 | 13-15 || total
-------------------------+-------+-------+-------+-------+-------++-------
Melee: War axe           |    81 |   121 |   412 |   904 |       ||  1518
       Executioner's axe |       |       |       |    96 |   602 ||   698
Invok: Lesser Servant of |       |       |       |     6 |     8 ||    14
 Abil: Heal Wounds       |     1 |     6 |    25 |    46 |    22 ||   100
Evoke: Wand              |       |       |       |     7 |     3 ||    10
  Use: Scroll            |       |       |       |    18 |    10 ||    28
       Potion            |       |       |       |     7 |     5 ||    12
 Stab: Distracted        |       |       |       |       |     1 ||     1
  Eat: Chunk             |       |     2 |    23 |    31 |    12 ||    68
       Ration            |       |       |       |     1 |       ||     1
Armor: Scale mail        |    37 |    60 |    91 |       |       ||   188
       Plate armour      |       |       |   113 |   504 |   813 ||  1430
Dodge: Dodged            |    23 |    33 |    83 |   241 |   383 ||   763
Block: Kite shield       |    55 |    74 |   229 |   513 |       ||   871

Table legend:
 A = Non-vault XP
 B = Vault XP
 C = Vault XP percentage of total XP
 D = Non-vault monster count
 E = Vault monster count
 F = Vault count percentage of total count
                 A         B        C        D         E       F
            +---------+---------+-------+---------+---------+-------
      Total |   62972 |   26915 |  29.9 |     438 |      78 |  15.1
            +---------+---------+-------+---------+---------+-------
        D:1 |       3 |       0 |   0.0 |       2 |       0 |   0.0
        D:2 |       4 |       0 |   0.0 |       2 |       0 |   0.0
        D:3 |      69 |       0 |   0.0 |       8 |       0 |   0.0
        D:4 |     300 |     124 |  29.2 |      18 |       2 |  10.0
        D:5 |     360 |     752 |  67.6 |      12 |       5 |  29.4
        D:6 |    1211 |       0 |   0.0 |      38 |       0 |   0.0
        D:7 |    1528 |    1156 |  43.1 |      28 |       2 |   6.7
        D:8 |    1118 |    5401 |  82.9 |      30 |       8 |  21.1
        D:9 |    3127 |      28 |   0.9 |      32 |      10 |  23.8
       D:10 |    2117 |       0 |   0.0 |      22 |       0 |   0.0
       D:11 |    8019 |     833 |   9.4 |      53 |       7 |  11.7
       D:12 |    3806 |    3109 |  45.0 |      45 |       2 |   4.3
       D:13 |    4806 |    1137 |  19.1 |      17 |       4 |  19.0
       D:14 |    7301 |    5346 |  42.3 |      19 |      13 |  40.6
       D:15 |   12549 |    2313 |  15.6 |      37 |       3 |   7.5
     Lair:1 |     186 |       0 |   0.0 |       2 |       0 |   0.0
     Lair:2 |    1859 |    2915 |  61.1 |      10 |      10 |  50.0
     Lair:3 |    4860 |     735 |  13.1 |      18 |       4 |  18.2
     Lair:4 |    4785 |     800 |  14.3 |      24 |       1 |   4.0
     Lair:5 |    3012 |    2266 |  42.9 |      12 |       7 |  36.8
   Spider:1 |    1952 |       0 |   0.0 |       9 |       0 |   0.0
            +---------+---------+-------+---------+---------+-------
